Map: Cyber Forest LE

Players

Neeblet (Neeb)

  • Race: Protoss Protoss
  • League: Grandmaster
  • Spawn Location: 11:00

OGZest (Zest) - Winner!

  • Race: Protoss Protoss
  • Spawn Location: 5:00

Event: 2019 Assembly Summer

VOD

Have the link to the VOD?

Description

Time

  • Played on: Aug. 2, 2019, 12:55 p.m.
  • Length: 8:50

All games in this series

Show
View Real Time Build Order
Export as new Build Order

Neeblet Protoss 

Build Orders: Zealot Archon 

Get SALT Encoding   

  12  0:00  Probe  
  13  0:12  Probe  
  14  0:17  Pylon  
  14  0:24  Probe  
  15  0:32  Probe  
  15  0:38  Gateway  
  15  0:40  Probe  
  16  0:48  Assimilator  
  17  0:51  Probe  
  18  0:58  Pylon  
  18  1:00  Probe  
  19  1:06  Assimilator  
  19  1:08  Probe  
  19  1:17  Probe  
  19  1:18  Gateway  
  21  1:27  Cybernetics Core  
  21  1:30  Probe  
  22  1:37  Pylon  
  22  1:42  Probe  
  23  1:53  Warp Gate  
  23  1:55  Probe  
  24  2:04  Stalker  
  24  2:05  Stalker  
  28  2:12  Pylon  
  28  2:34  Sentry  
  28  2:36  Sentry  
  32  2:42  Nexus  
  32  2:48  Shield Battery  
  31  2:51  Probe  
  32  2:59  Shield Battery  
  32  3:03  Probe  
  33  3:15  Probe  
  33  3:18  Forge  
  34  3:28  Probe  
  34  3:29  Pylon  
  35  3:37  Probe  
  36  3:41  Adept  
  36  3:45  Probe, Robotics Facility  
  36  3:48  Adept  
  40  3:54  Probe x2  
  43  4:06  Probe  
  43  4:07  Probe  
  45  4:13  Protoss Ground Weapons Level 1  
  45  4:15  Probe x2  
  43  4:18  Adept  
  43  4:23  Probe x2  
  47  4:30  Twilight Council  
  49  4:33  Probe x2  
  49  4:34  Observer  
  49  4:36  Assimilator  
  49  4:38  Assimilator  
  52  4:45  Probe  
  53  4:48  Gateway  
  53  4:49  Gateway  
  53  4:50  Probe  
  54  4:56  Warp Prism  
  54  4:59  Probe  
  57  5:05  Stalker  
  59  5:11  Probe  
  59  5:12  Probe  
  61  5:16  Charge, Templar Archives  
  59  5:31  Probe x2  
  60  5:47  Probe  
  61  5:51  Gateway  
  61  5:55  Gateway  
  61  5:57  Gateway  
  61  5:58  Pylon  
  61  5:59  Gateway, Probe, Pylon  
  62  6:05  Protoss Ground Weapons Level 2  
  62  6:21  Nexus  
  62  6:23  Pylon  
  62  6:27  High Templar x3  
  62  6:28  High Templar  
  70  6:33  Archon  
  70  6:34  Archon  
  70  6:35  Probe x2  
  72  6:46  Pylon  
  73  6:47  Zealot, Probe x2  
  73  6:52  Pylon  
  76  6:54  Zealot x3  
  76  7:01  Probe  
  83  7:02  Probe  
  84  7:10  High Templar x2, Zealot x3  
  84  7:14  Shield Battery  
  84  7:15  Archon  
  94  7:19  Probe  
  93  7:24  Probe  
  93  7:29  High Templar x2, Zealot  
  96  7:35  Zealot, Stalker x2  
  102  7:37  Archon  
  102  7:38  Shield Battery  
  102  7:42  Zealot  
  102  7:43  Zealot  
  106  7:48  Pylon  
  106  7:53  Zealot  
  108  8:00  High Templar, Zealot  
  108  8:01  High Templar, Zealot  
  116  8:06  Archon  
  116  8:07  Zealot x3  
  88  8:20  Zealot x2  
  88  8:21  Zealot  
  80  8:32  Zealot x4  
  74  8:37  Zealot  
  72  8:47  Zealot x4  
Show
View Real Time Build Order
Export as new Build Order

OGZest Protoss - Winner!

Build Orders: Oracle Opening, Phoenix Opening, Zealot Archon 

Get SALT Encoding   

  12  0:00  Probe  
  13  0:12  Probe  
  14  0:17  Pylon  
  14  0:23  Probe  
  15  0:31  Probe  
  16  0:36  Gateway  
  16  0:39  Probe  
  16  0:45  Assimilator  
  17  0:51  Probe  
  17  0:54  Assimilator  
  18  1:03  Probe  
  19  1:07  Gateway  
  19  1:12  Probe  
  20  1:20  Probe  
  20  1:24  Cybernetics Core  
  21  1:29  Probe  
  22  1:35  Pylon  
  22  1:41  Probe  
  23  1:54  Probe  
  24  2:00  Stalker  
  24  2:01  Sentry  
  28  2:04  Warp Gate  
  28  2:11  Pylon  
  28  2:27  Sentry  
  30  2:34  Phoenix  
  30  2:35  Nexus  
  30  2:42  Sentry  
  30  2:43  Probe  
  33  2:52  Pylon  
  33  2:55  Probe  
  33  2:56  Oracle  
  34  3:07  Probe  
  34  3:10  Robotics Facility  
  35  3:19  Probe  
  36  3:24  Forge  
  36  3:30  Probe  
  37  3:38  Probe  
  37  3:43  Probe  
  37  3:46  Probe  
  39  3:51  Probe  
  39  3:54  Adept x2  
  45  3:57  Protoss Ground Weapons Level 1  
  45  3:58  Probe  
  45  3:59  Warp Prism  
  45  4:01  Probe  
  49  4:10  Probe  
  49  4:13  Probe  
  49  4:22  Probe  
  49  4:24  Pylon  
  50  4:25  Probe  
  51  4:33  Observer  
  51  4:34  Probe  
  51  4:38  Probe  
  54  4:40  Pylon  
  54  4:41  Assimilator  
  54  4:42  Assimilator  
  54  4:46  Pylon  
  54  4:47  Probe  
  54  4:49  Stalker x2  
  54  4:50  Probe  
  60  4:52  Shield Battery  
  60  4:59  Probe  
  61  5:02  Probe, Twilight Council  
  62  5:11  Probe  
  62  5:13  Adept x2  
  65  5:14  Probe  
  65  5:17  Gateway  
  65  5:19  Gateway  
  65  5:23  Probe  
  65  5:26  Immortal, Probe  
  67  5:38  Protoss Ground Weapons Level 2  
  71  5:47  Pylon  
  71  5:48  Charge  
  71  5:51  Templar Archives  
  71  5:55  Gateway  
  71  5:56  Immortal  
  71  5:57  Gateway  
  71  6:11  Pylon  
  75  6:17  Gateway  
  75  6:29  Gateway  
  75  6:30  Gateway  
  75  6:31  Gateway  
  75  6:33  High Templar x2  
  75  6:37  Archon  
  79  6:40  Nexus  
  79  6:52  High Templar x2  
  83  6:56  Archon  
  83  7:05  Pylon  
  83  7:07  Warp Prism  
  85  7:09  Zealot x2  
  85  7:10  Pylon  
  85  7:12  Photon Cannon  
  89  7:37  High Templar x2, Zealot  
  89  7:38  Zealot x3  
  89  7:42  High Templar, Photon Cannon, Archon  
  89  7:43  High Templar  
  105  7:45  Probe x2  
  105  7:48  Archon  
  107  7:55  Probe  
  107  7:57  Probe x2  
  110  8:08  Zealot  
  110  8:09  Zealot x4  
  118  8:13  Zealot  
  118  8:16  Zealot  
  118  8:17  Zealot  
  104  8:29  Zealot x5  
  96  8:44  Zealot x3  
Tags
 
Add a new tag
Caveats
  • Supply blocks, unpowered buildings, or Contaminate may cause inaccurate times.
  • Supply counts are checked every 10 seconds.